AoeStats
← b站江条

Arabia

507694814Analyzed
1v1 RM · 13d ago on Sep 19, 2026· 19m 42s· 2 players
Game mode
Random Map
Map size
Tiny (2 player)
Population
200
Speed
Normal
Resources
Standard
Victory
Conquest
Starting age
Dark Age
Ending age
Imperial Age
RankedLock teamsTeams togetherTeam positionsShared explorationLock speedFull tech treeHidden civsTurbo modeCheats
Victory
Defeat
🇨🇳 Maya · China
1439
+17
🇹🇼 Mongols · Taiwan
1468
-17
b站江条
0:26 Loom
8:50 Feudal Age
9:38 Double-Bit Axe
14:50 Fletching
16:55 Padded Archer Armor
22:18 Castle Age
gemi
6:14 Loom
8:14 Feudal Age
9:07 Double-Bit Axe
11:19 Forging
13:58 Scale Barding Armor
Connection lost

Rejoining the realm…

Still unreachable

The connection could not be restored.

Session expired

The server has moved on; the page needs a fresh start.